 Dungeon Crawl Stone Soup version 0.30-a0-1163-gf69bf04e7a (webtiles) character file.

Game seed: 9023943189152740772

190 CryoSword the Firebug (level 5, 0/57 HPs)
             Began as a Demigod Fire Elementalist on Apr 28, 2023.
             Succumbed to an orc wizard's poison
             ... on level 4 of the Dungeon.
             The game lasted 00:03:31 (3738 turns).

CryoSword the Firebug (Demigod Fire Elementalist)   Turns: 3738, Time: 00:03:31

Health: 0/57       AC: 22    Str:  9    XL:     5   Next: 17%
Magic:  5/10       EV:  2    Int: 21    God:
Gold:   127        SH:  0    Dex: 14    Spells: 5/8 levels left

rFire   + . .        e - +0 dagger
rCold   + . .        (no shield)
rNeg    . . .        a - melded +0 robe
rPois   +            (helmet currently unavailable)
rElec   +            (cloak currently unavailable)
rCorr   +            (gloves currently unavailable)
SInv    .            (boots currently unavailable)
Will    .....        (no amulet)
Stlth   ++           (no ring)
HPRegen 0.29/turn    (no ring)
MPRegen 0.12/turn

%: no passive effects
@: lethally poisoned (0 -> -2), tree-form, resistant
A: stationary, stasis, torment immunity, boosted hp, high MP 1, forlorn, divine
attributes
a: no special abilities


You were on level 4 of the Dungeon.
You were a tree.
You visited 1 branch of the dungeon, and saw 4 of its levels.

You collected 127 gold pieces.

Inventory:

Hand Weapons
 e - a +0 dagger (weapon)
   (You took it off a kobold on level 1 of the Dungeon)
 m - a +1 dagger of venom
   (You took it off an orc wizard on level 4 of the Dungeon)
Missiles
 c - 2 poisoned darts
Armour
 a - a +0 robe (melded)
 k - a +2 helmet
   (You found it on level 2 of the Dungeon)
Scrolls
 d - 4 scrolls of noise {unknown}
 f - 2 scrolls of vulnerability {unknown}
 g - a scroll of magic mapping {unknown}
 h - 3 scrolls of amnesia {unknown}
 i - 2 scrolls of blinking {unknown}
 j - a scroll of brand weapon {unknown}
 n - 2 scrolls of identify {unknown}
 p - a scroll of enchant weapon {unknown}
 q - a scroll of fog {unknown}
Potions
 b - a potion of magic
 l - a potion of flight


   Skills:
 - Level 1.7 Dodging
 - Level 1.7 Stealth
 - Level 2.0 Spellcasting
 * Level 3.3 Conjurations
 * Level 4.3 Fire Magic


You had 5 spell levels left.
You knew the following spells:

 Your Spells              Type           Power      Damage    Failure   Level
a - Foxfire               Conj/Fire      72%        2x1d7     3%          1
b - Scorch                Fire           40%        2d7       3%          2

Your spell library contained the following spells:

 Spells                   Type           Power      Damage    Failure   Level
 Shock                    Conj/Air       36%        1d5       8%          1
 Inner Flame              Hex/Fire       11%        N/A       19%         3
 Volatile Blastmotes      Fire/Tloc      22%        2d11      19%         3
 Flame Wave               Conj/Fire      18%        2d7       30%         4
 Swiftness                Air            2%         N/A       41%         3
 Airstrike                Air            1%         2d(1-17)  82%         4
 Conjure Ball Lightning   Conj/Air       4%         3x3d6     100%        6
 Discord                  Hex            1%         N/A       100%        8
 Disjunction              Tloc           1%         N/A       100%        8


Dungeon Overview and Level Annotations

Branches:
Dungeon (4/15)             Temple (0/1) D:4


Innate Abilities, Weirdness & Mutations

You are a tree.
Your roots penetrate the ground, keeping you stationary.
You cannot be teleported.
You are immune to unholy pain and torment.
Your maximum health is greatly increased.
Your equipment is partially melded.
You have an increased reservoir of magic. (+10% MP)
You shall have no god before yourself.
Your divine heritage dramatically boosts your attributes as you level up.


Message History

The endoplasm hits you but does no damage.
You hit the endoplasm.
An endoplasm comes into view.
The endoplasm closely misses you.
You barely miss the endoplasm.
The endoplasm quivers.
The endoplasm closely misses you.
The kobold throws a stone.
The stone hits you but does no damage.
You hit the endoplasm but do no damage.
The endoplasm jiggles.
The endoplasm freezes you.
You are frozen.
The kobold throws a stone.
The stone misses you.
The stone hits the endoplasm.
You hit the endoplasm. The endoplasm freezes you.
You are frozen.
The kobold throws a stone.
The stone closely misses you.
The stone hits the endoplasm.
You conjure some foxfire!
The endoplasm freezes you.
You are frozen.
You conjure some foxfire!
The foxfire hits the endoplasm.
You kill the endoplasm!
The foxfire hits the kobold.
The foxfire hits the endoplasm but does no damage.
You conjure some foxfire!
The foxfire hits the kobold.
You conjure some foxfire!
The foxfire hits the kobold but does no damage.
The foxfire hits the kobold.
You kill the kobold!
You hear a splash. x2
Flames lash the endoplasm.
You kill the endoplasm!
You now have 127 gold pieces (gained 16).
q - a scroll labelled ZATSEYRIESK
Found a scroll labelled QONALO ZUANURR.
Found a stone staircase leading down.
There is a stone staircase leading down here.
h - 3 scrolls labelled QONALO ZUANURR (gained 1)
Found a fizzy purple potion.
r - a fizzy purple potion You hear the slow rusting of a very distant drain.
You open the door.
There is an open door here.
Found a pair of gloves.
An orc comes into view. It is wielding a +0 short sword.
The orc shouts!
You hear a shout!
An orc comes into view. It is wielding a +0 short sword.
The orc moves out of view.
An orc wizard comes into view. It is wielding a +1 dagger of venom.
The orc wizard casts a spell.
The orc wizard flickers and vanishes!
Deactivating autopickup; reactivate with Ctrl-A.
The orc shouts!
Found a helmet.
Things that are here:
a +0 pair of gloves; a +0 leather armour The orc attacks as you move away!
The orc hits you but does no damage.
You conjure some foxfire!
The orc barely misses you.
You conjure some foxfire!
The foxfire hits the orc. x2
You conjure some foxfire!
The foxfire hits the orc.
You kill the orc!
The foxfire hits the orc.
You kill the orc!
You have reached level 5!
Something hits you.
You are poisoned.
Things that are here:
a +0 pair of gloves; a +0 leather armour Something hits you.
You feel very sick.
You feel sick.
You feel sick.
You conjure some foxfire!
You feel sick.
You conjure some foxfire!
You feel sick.
The foxfire hits something but does no damage.
You hear some strange, mumbled words.
You are confused.
You're too confused to cast spells.
It was a potion of heal wounds.
You feel much better.
You feel sick.
The foxfire hits something.
The foxfire hits something!
The foxfire hits something.
You closely miss something.
You feel sick. Something hits you but does no damage.
You are more poisoned.
You're too confused to cast spells.
You hit something.
You feel sick. Something hits you.
You are more poisoned.
Something hits you.
You are lethally poisoned!
* * * LOW HITPOINT WARNING * * *
You feel extremely sick.
You hear some strange, mumbled words.
A puff of flame appears from out of thin air!
The puff of flame hits you!
* * * LOW HITPOINT WARNING * * *
You feel much better.
You feel very sick.
It was a potion of flight.
You feel very buoyant.
You fly up into the air.
You feel less confused.
You feel very sick.
You hear some strange, mumbled words.
A puff of flame appears from out of thin air!
The puff of flame hits you!
You conjure some foxfire!
You feel very sick. Something hits you.
* * * LOW HITPOINT WARNING * * *
You are lethally poisoned!
You conjure some foxfire!
* * * LOW HITPOINT WARNING * * *
You feel very sick.
The foxfire hits something but does no damage.
The foxfire hits something.
Reactivating autopickup.
You feel a bit more experienced.
* * * LOW HITPOINT WARNING * * *
You feel very sick.
Things that are here:
a +1 dagger of venom; a +0 robe
m - a +1 dagger of venom
* * * LOW HITPOINT WARNING * * *
You feel very sick.
It was a potion of lignification.
You turn into a tree.
Your +0 robe melds into your body.
Your roots penetrate the ground.
* * * LOW HITPOINT WARNING * * *
You feel sick.
It was a potion of resistance.
You feel protected.
* * * LOW HITPOINT WARNING * * *
You feel sick.
There is a lethal amount of poison in your body!
There is a lethal amount of poison in your body!
There is a lethal amount of poison in your body!
Unknown command.
There is a lethal amount of poison in your body!
There is a lethal amount of poison in your body!
There is a lethal amount of poison in your body!
There is a lethal amount of poison in your body!
There is a lethal amount of poison in your body!
* * * LOW HITPOINT WARNING * * *
You feel sick.
You hear the slow rusting of a very distant drain.
* * * LOW HITPOINT WARNING * * *
You feel sick.
* * * LOW HITPOINT WARNING * * *
You feel sick.
* * * LOW HITPOINT WARNING * * *
You feel sick.
You die...

.. #. #..# ...
#####.#############.(#..#
.......[).........~~~...#
.......#..####...~§§~~..##
.....#.)..## #..~~~~§~~...
.... ##..♣.###..~§§>~§§.#
... ##........§§~§~§~.# [.
#..###...§~§§)~..# # #..#
#.....§~~...#
#..####...#..###.#.
####..........#...#.#.
#'.#..........#<..#...
##.########.#####....#
#...................##


There were no monsters in sight!

Vanquished Creatures
  A jelly (D:3)
  Natasha (D:3)
  Terence (D:2)
  An orc wizard (D:4)
  2 adders
  6 orcs
  6 endoplasms
  2 giant cockroaches (D:1)
  4 goblins
  6 hobgoblins
  6 kobolds
  2 quokkas (D:3)
  9 ball pythons
  5 bats
  6 frilled lizards
  5 rats
63 creatures vanquished.

Vanquished Creatures (collateral kills)
  2 foxfires (D:1)
2 creatures vanquished.

Vanquished Creatures (others)
  100 foxfires
  3 plants (D:2)
103 creatures vanquished.

Grand Total: 168 creatures vanquished

Notes
Turn   | Place    | Note
-------+----------+-------------------------------------------
     0 | D:1      | CryoSword the Demigod Fire Elementalist began the quest for
                  | the Orb.
     0 | D:1      | Reached XP level 1. HP: 14/14 MP: 5/5
   118 | D:1      | Reached skill level 1 in Conjurations
   481 | D:1      | Reached skill level 3 in Fire Magic
   613 | D:1      | Reached XP level 2. HP: 15/20 MP: 5/7
   616 | D:1      | Learned a level 2 spell: Scorch
  2069 | D:2      | Reached XP level 3. HP: 26/26 MP: 5/8
  2317 | D:2      | Noticed Terence
  2322 | D:2      | Killed Terence
  2818 | D:3      | Reached XP level 4. HP: 19/33 MP: 0/9
  3143 | D:3      | Noticed Natasha
  3150 | D:3      | Killed Natasha
  3151 | D:3      | Reached skill level 4 in Fire Magic
  3635 | D:4      | Found a staircase to the Ecumenical Temple.
  3716 | D:4      | Reached XP level 5. HP: 38/38 MP: 6/10
  3735 | D:4      | HP: 2/57 [poisoned by an orc wizard]
  3738 | D:4      | Succumbed to an orc wizard's poison

Illustrated notes

Levels and vault maps discovered:
D:1:      lightli_iron_boxes, layout_basic, dreamdust_princess_bridge
D:2:      layout_loops_ring, basic_altar, serial_bayou_pond_d, uniq_robin,
          uniq_terence
D:3:      minmay_evil_eye, layout_loops_cross, uniq_natasha
D:4:      cheibrodos_thug_alley, layout_basic,
          grunt_temple_overflow_order_and_chaos_1,
          amethyst_overflow_temple_binary, minmay_temple_entry_mist,
          ebering_ghost_gozag, gup_sewer_entry_glass

Skill      XL: |  1  2  3  4 |
---------------+-------------+-----
Conjurations   | 1 2 3 |  3.3
Fire Magic     | 3 4 |  4.3
Spellcasting   | 2 |  2.0
Dodging        | |  1.7
Stealth        | |  1.7

Action                     |  1- 3 |  4- 6 || total
---------------------------+-------+-------++-------
  Melee: Dagger            |    34 |     9 ||    43
         Unarmed           |     7 |       ||     7
         Punch             |     1 |       ||     1
   Cast: Foxfire           |    45 |    19 ||    64
         Scorch            |    33 |    11 ||    44
    Use: Potion            |       |     5 ||     5
 Armour: Robe              |    13 |     4 ||    17
  Dodge: Dodged            |    36 |     7 ||    43

Table legend: (Time is in decaauts)
 A = Elapsed time spent in this place.
 B = Non-inter-level travel time spent in this place.
 C = Inter-level travel time spent in this place.
 D = Time resting spent in this place.
 E = Time spent auto-exploring this place.
 F = Levels seen in this place.
 G = Mean time per level.
                   A        B        C        D        E       F      G
               +--------+--------+--------+--------+--------+-----+--------+
         Total |   3739 |   3652 |     87 |     54 |   3136 |   4 |  934.8 |
       Dungeon |   3739 |   3652 |     87 |     54 |   3136 |   4 |  934.8 |
               +--------+--------+--------+--------+--------+-----+--------+

Top non-repeatable levels by time:
     D:1: 1588 daAuts
     D:2: 1061 daAuts
     D:3: 987 daAuts
     D:4: 103 daAuts
